 Dungeon Crawl Stone Soup version bcrawl-1.17.3 (webtiles) character file.

Game seed: 17975569143598068189

61 Bnni the Sneak (level 4, -1/27 HPs)
             Began as a Vine Stalker Archaeologist on Oct 19, 2019.
             Killed by divine providence
             ... invoked by an orc priest
              (12 damage)
             ... on level 2 of the Dungeon.
             The game lasted 00:02:47 (1825 turns).

Bnni the Sneak (Vine Stalker Archaeologist)         Turns: 1825, Time: 00:02:48

Health: -1/27      AC: 11    Str: 13    XL:     4   Next: 7%
Magic:  14/14      EV:  6    Int: 14    God:
Gold:   113        SH:  0    Dex: 14    Spells: 3/3 levels left

rFire    . . .     SeeInvis .   a - +0 whip
rCold    . . .     Gourm    .   (no shield)
rNeg     . . .     Faith    .   n - +0 chain mail (curse)
rPois    .         Spirit   .   c - +1 hat
rElec    .         Reflect  .   (no cloak)
rCorr    .         Harm     .   (no gloves)
MR       .....                  d - +1 pair of boots
Stlth    ..........             (no amulet)
HPRegen  0.49/turn              (no ring)
MPRegen  0.14/turn              p - ring of magical power

@: studying Polearms
A: fangs 2, regeneration 1, no potion heal 3, rot immunity, strong jaws
a: no special abilities


You were on level 2 of the Dungeon.
You were not hungry.

You visited 1 branch of the dungeon, and saw 3 of its levels.

You collected 113 gold pieces.

Inventory:

Hand Weapons
 a - a +0 whip (weapon)
Armour
 b - a +1 robe
 c - a +1 hat (worn)
 d - a +1 pair of boots (worn)
 n - a cursed +0 chain mail (worn)
Jewellery
 i - an uncursed ring of ice
 p - a ring of magical power (right hand)
Scrolls
 j - 3 scrolls of teleportation {unknown}
 k - a scroll of immolation {unknown}
 m - 9 scrolls of identify {unknown}
 o - 3 scrolls of blinking {unknown}
Potions
 h - 3 potions of might {unknown}
 q - a potion of cancellation {unknown}
 r - 2 potions of curing {unknown}
 s - a potion of lignification {unknown}
Books
 e - a manual of Polearms
Miscellaneous
 f - an ancient crate
Comestibles
 g - 6 rations {!d}
 l - a chunk of flesh


   Skills:
 + Level 2.9 Fighting
 - Level 0.8 Maces & Flails
 * Level 2.2 Polearms
 - Level 3.0 Dodging
 - Level 4.4 Stealth


You had 3 spell levels left.
You didn't know any spells.
Your spell library was empty.

Dungeon Overview and Level Annotations

Branches:
Dungeon (3/12)

Altars:

Annotations:
D:3 Grinder


Innate Abilities, Weirdness & Mutations

You have extremely sharp teeth.
Your natural rate of healing is unusually fast.
Potions cannot restore your health.
You are immune to rotting.
Your bites deal extra damage.


Message History

The orc priest hits you but does no damage.
You closely miss the orc priest.
The orc priest invokes the aid of Beogh against you.
Beogh smites you!
You are too injured to fight recklessly!
You are too injured to fight recklessly!
You hit the orc priest.
The orc priest is lightly wounded.
You hit the orc priest but do no damage.
The orc priest is lightly wounded.
The orc priest hits you but does no damage.
Your chain mail prevents you from hitting the orc priest.
The orc priest is lightly wounded.
The orc priest mumbles some strange prayers to Beogh against you.
Pain shoots through your body!
You hit the orc priest.
The orc priest is heavily wounded.
The orc priest invokes the aid of Beogh against you.
Beogh smites you!
You die...

#......#.# ####...#.#
##..#.# ##..#'##
#......# #......#
#......# #......#
#....@.# #....o.#
#...)..# #......#
#......#
##########......#
#...............########
#.############.........#
#.# #.#######.#


You could see an orc priest.

Vanquished Creatures
  An adder (D:3)
  2 worms
  2 dart slugs
  A leopard gecko (D:2)
  2 orcs (D:3)
  A ball python (D:2)
  5 bats
  4 goblins
  9 hobgoblins
  A frilled lizard (D:2)
  8 kobolds
  2 rats (D:2)
38 creatures vanquished.

Notes
Turn   | Place    | Note
-------+----------+-------------------------------------------
     0 | D:1      | Bnni the Vine Stalker Archaeologist began the quest for the
                  | Orb.
     0 | D:1      | Reached XP level 1. HP: 11/11 MP: 2/2
    55 | D:1      | Reached skill level 1 in Fighting
   326 | D:1      | Reached XP level 2. HP: 17/17 MP: 3/3
   925 | D:2      | Reached XP level 3. HP: 17/22 MP: 4/4
  1188 | D:2      | Reached skill level 1 in Polearms
  1605 | D:3      | Noticed Grinder
  1624 | D:3      | Reached XP level 4. HP: 27/27 MP: 5/5
  1825 | D:2      | Killed from afar by an orc priest

Skill      XL: |  1  2  3 |
---------------+----------+-----
Fighting       | 1 2 |  2.9
Polearms       | 2 |  2.2
Maces & Flails | |  0.8
Dodging        | |  3.0
Stealth        | |  4.4

Action                   |  1- 3 |  4- 6 || total
-------------------------+-------+-------++-------
Melee: Whip              |   181 |    27 ||   208
       Bite              |    14 |     1 ||    15
  Eat: Chunk             |     2 |     1 ||     3
Armor: Robe              |     7 |       ||     7
       Chain mail        |    87 |    15 ||   102
Dodge: Dodged            |    69 |     8 ||    77
